 Dungeon Crawl Stone Soup version 0.18-a0-1730-g73f0523 (webtiles) character file.

63020 inmateoo the Ripper (level 14, -2/67 HPs)
             Began as a Felid Transmuter on Apr 10, 2016.
             Was the Champion of Makhleb.
             Slain by a giant leech (27 damage)
             ... on level 3 of the Swamp.
             The game lasted 01:40:48 (36701 turns).

inmateoo the Ripper (Felid Transmuter)             Turns: 36701, Time: 01:40:49

Health: -2/67      AC:  8    Str: 13    XL:     14   Next: 66%
Magic:  23/23      EV: 24    Int: 15    God:    Makhleb [******]
Gold:   2010       SH:  0    Dex: 18    Spells: 6 memorised, 15 levels left
                                        Lives:  0   Deaths: 2

rFire  + . .     SeeInvis +       - Unarmed
rCold  + . .     Gourm    .     (armour unavailable)
rNeg   . . .     Faith    .     (shield unavailable)
rPois  +         Spirit   .     (helmet unavailable)
rElec  .         Dismiss  .     (cloak unavailable)
rCorr  .         Reflect  .     (gloves unavailable)
SustAt .         Harm     .     (boots unavailable)
MR     +++..     Clarity  +     H - amulet of regeneration
Stlth  ++++++....               Y - ring of protection from fire
                                T - ring of protection from magic

@: quick, extremely resistant to hostile enchantments, very stealthy
A: no armour, no weapons or thrown items, claws 1, fangs 3, horns 1, iridescent
scales 1, molten scales 1, see invisible, carnivore 3, clarity, speed 1, low mp
2, poison resistance, shaggy fur 3, slow metabolism 1, strong 1, wild magic 1,
sharp paws
a: Minor Destruction, Lesser Servant of Makhleb, Major Destruction, Greater
Servant of Makhleb, Renounce Religion


You were on level 3 of the Swamp.
You worshipped Makhleb.
Makhleb was exalted by your worship.
You were not hungry.

You visited 6 branches of the dungeon, and saw 32 of its levels.

You collected 2794 gold pieces.
You spent 435 gold pieces at shops.

Inventory:

Missiles
 a - 156 arrows
Jewellery
 o - an uncursed ring of protection from cold
 q - the cursed ring of Juom {rPois rN+ EV-3 Slay+5 Stlth-}
   (You found it on level 14 of the Dungeon)

   [ring of evasion]

   It affects your evasion (-3).
   It affects your accuracy and damage with ranged weapons and melee attacks
   (+5).
   It protects you from poison.
   It protects you from negative energy.
   It makes you less stealthy.
   It has a curse placed upon it.
 y - an uncursed ring of sustain attributes
 H - an amulet of regeneration (around neck)
 T - a ring of protection from magic (left paw)
 Y - a ring of protection from fire (right paw)
Wands
 b - a wand of paralysis (9/24)
 g - a wand of digging (14/24)
 l - a wand of flame (28/48)
 s - a wand of digging (10/24)
 t - a wand of polymorph (8/24)
 u - a wand of lightning (9/15)
 B - a wand of hasting (5/9)
 D - a wand of paralysis (1/24)
 I - a wand of disintegration (12/24)
 J - a wand of disintegration (11/24)
 K - a wand of iceblast (3/15)
 L - a wand of acid (5/15)
 O - a wand of slowing (26/48)
 R - a wand of random effects (26/48)
 U - a wand of lightning (12/15)
 X - a wand of enslavement (13/24)
 Z - a wand of acid (8/15)
Scrolls
 f - 5 scrolls of teleportation
 m - 10 scrolls of remove curse
 r - a scroll of blinking
 w - 3 scrolls of fear
 C - 10 scrolls of identify
 G - a scroll of summoning
 Q - 5 scrolls of recharging
 S - 3 scrolls of magic mapping
 W - 2 scrolls of fog
Potions
 d - 4 potions of curing
 e - a potion of agility
 h - 7 potions of brilliance
 j - 2 potions of resistance
 n - 8 potions of haste
 v - 4 potions of magic
 x - 3 potions of cure mutation
 z - 4 potions of lignification
 E - 4 potions of might
 F - 3 potions of ambrosia
Miscellaneous
 M - a fan of gales
 N - a stone of tremors
 P - an ornate deck of wonders {drawn: 4}
Comestibles
 c - 19 meat rations
 i - 3 royal jellies
 k - 11 slices of pizza
 p - 6 beef jerkies


   Skills:
 + Level 11.3 Fighting
 + Level 12.7 Dodging
 + Level 11.4 Stealth
 * Level 15.4 Unarmed Combat
 + Level 10.2 Spellcasting
 + Level 12.3 Transmutations
 - Level 3.2 Ice Magic
 - Level 10.0 Invocations
 + Level 6.2 Evocations


You had 15 spell levels left.
You knew the following spells:

 Your Spells              Type           Power        Failure   Level  Hunger
a - Beastly Appendage     Trmt           ######       1%          1    None
b - Sticks to Snakes      Trmt           ######..     1%          2    None
c - Spider Form           Trmt/Pois      ####......   4%          3    None
d - Ice Form              Ice/Trmt       #####...     8%          4    ###....
e - Blade Hands           Trmt           ######....   3%          5    #####..
f - Regeneration          Chrm/Necr      #.........   38%         3    None


Dungeon Overview and Level Annotations

Branches:
Dungeon (15/15)            Temple (1/1) D:7            Lair (8/8) D:8
  Swamp (3/4) Lair:5       Spider (3/4) Lair:6        Slime (0/6) Lair:7
    Orc (2/2) D:12            Elf (0/3) Orc:2        Vaults (0/5) D:13
 Depths: D:15

Altars:
Ashenzari
Dithmenos
Elyvilon
Fedhas
Gozag
Kikubaaqudgha
Makhleb
Nemelex Xobeh
Okawaru
Pakellas
Qazlal
Ru
Sif Muna
Vehumet
Yredelemnul
Zin
The Shining One

Shops:
D:8 :   Orc:2 :*[(

Annotations:
Lair:3 exclusion: hydra


Innate Abilities, Weirdness & Mutations

You cannot wear armour.
You are incapable of wielding weapons or throwing items.
You have sharp claws.
You have razor-sharp teeth.
You have supernaturally acute eyesight.
You are carnivorous and can eat meat at any time.
You cover ground quickly.
Your thick and shaggy fur keeps you warm (AC +3, rC+).
You have a slow metabolism.
Your sharp claws are effective at attacking unaware monsters.
You have a pair of small horns on your head.
You are partially covered in iridescent scales (AC +4).
You are partially covered in molten scales (AC +1).
You possess an exceptional clarity of mind.
Your magical capacity is very low (-20% MP).
Your system is resistant to poisons.
Your muscles are strong. (Str +2)
Your spells are a little harder to cast, but a little more powerful.


Message History

Moving in this stuff is going to be slow.
You enter the shallow water.
Moving in this stuff is going to be slow.
A giant leech comes into view.
You enter the shallow water.
Moving in this stuff is going to be slow.
Found 24 gold pieces.
A swamp worm bursts forth from the water.
The swamp worm bites you!!
You scratch the giant leech.
The giant leech is lightly wounded.
The swamp worm bites you! The giant leech misses you.
You mangle the giant leech!! You headbutt the giant leech.
You claw the giant leech! Your bite misses the giant leech.
The giant leech is severely wounded.
The swamp worm completely misses you. The swamp worm completely misses you.
There is a stone staircase leading up here.
The swamp worm bites you!! The giant leech bites you!!
You die...

♣♣♣♣♣ ♣♣.≈.♣ ♣♣♣♣♣♣♣♣ ♣♣≈...♣
♣≈...♣≈♣♣♣♣
♣♣§≈♣≈≈♣♣♣.....≈..§♣
♣........≈♣♣≈.≈≈≈..♣♣♣♣
...≈§.≈≈≈≈≈≈.≈≈≈≈w....♣♣ ≈
.≈≈§≈.≈≈≈≈..≈≈.≈@w≈≈≈.≈♣♣♣♣ .≈
.≈≈≈≈≈.≈≈..≈...≈.≈≈≈≈.♣≈..♣.≈§
≈≈≈§≈≈..≈....<...≈≈≈≈.≈.....≈≈
≈≈.>≈≈.≈≈§♣♣≈≈≈≈≈≈≈≈≈§.§≈.$♣♣
♣♣≈♣..≈≈≈≈≈♣..≈≈≈≈.≈≈≈.§≈≈≈♣
♣♣..≈≈≈≈≈.♣♣♣.≈≈≈.....≈♣.....
♣♣.≈≈≈≈≈≈♣..♣♣..§...≈≈.≈≈≈.≈
♣♣♣.≈≈≈≈≈.≈..♣♣♣♣≈...≈≈≈♣≈≈≈.
♣♣...≈≈≈≈≈≈.♣♣♣ ♣♣♣♣≈≈≈.. ♣♣♣


You could see a giant leech and a swamp worm.

Vanquished Creatures
  Arachne (Spider:3)
  Kirke (Lair:5)
  Erolcha (D:12)
  10 hydras
  2 tengu warriors
  5 death yaks
  3 alligators
  2 orc high priests (Orc:2)
  4 unseen horrors
  A shambling mangrove (Swamp:1)
  2 hill giants (D:12)
  2 orc knights (Orc:2)
  11 orb spiders
  A griffon (Lair:7)
  7 ugly things
  8 wolf spiders
  3 deep elf magi
  A manticore (D:12)
  2 hornets
  4 orc sorcerers (Orc:2)
  2 centaur zombies
  3 moths of wrath (Spider:3)
  14 elephants
  2 black mambas
  A torpor snail (Spider:3)
  13 spiny frogs
  2 kobold demonologists (D:12)
  8 komodo dragons
  5 demonic crawlers
  2 rime drakes
  A spriggan druid (Lair:8)
  2 tengu conjurers (D:13)
  A merfolk (shapeshifter) (D:12)
  5 polar bears (Lair:8)
  5 trolls
  11 jumping spiders
  3 two-headed ogres (D:15)
  7 slime creatures
  3 bog bodies (Swamp:1)
  12 blink frogs
  15 spriggans
  9 tarantellas
  21 redbacks
  A shadow (Swamp:1)
  A vampire (D:9)
  27 yaks
  A wyvern (D:12)
  2 wraiths (D:13)
  5 hogs (Lair:5)
  A human (D:8)
  2 basilisks
  9 hippogriffs
  A steam dragon (Lair:8)
  8 vampire mosquitoes
  2 wargs
  11 insubstantial wisps (Swamp:1)
  5 swamp worms
  A soldier ant (Spider:2)
  11 orc warriors
  9 porcupines
  12 water moccasins
  3 swamp drakes
  5 black bears
  An ice beast (D:7)
  A necrophage (D:9)
  2 phantoms
  8 sky beasts
  10 wasps
  6 centaurs
  28 wolves
  9 ogres
  17 crocodiles
  3 big kobolds
  Blork the orc (D:4)
  A wyvern zombie (D:6)
  14 giant frogs
  A water moccasin zombie (D:7)
  6 scorpions
  6 wights (D:15)
  12 killer bees
  An electric eel (Spider:2)
  A howler monkey (D:5)
  8 crimson imps
  A quasit (D:9)
  3 jellies
  10 orc priests
  6 centaur skeletons
  3 hounds
  Crazy Yiuf (D:4)
  A giant frog skeleton (D:8)
  16 orc wizards
  13 iguanas
  16 worker ants
  58 sheep
  2 hound skeletons (D:6)
  A howler monkey skeleton (D:9)
  A worker ant zombie (D:7)
  15 adders
  57 river rats
  A shadow imp (D:8)
  An ooze (D:3)
  6 worms
  A dart slug (D:3)
  6 giant geckos
  66 orcs
  5 bats
  4 giant cockroaches
  8 goblins
  7 hobgoblins
  10 jackals
  A quokka (D:7)
  A giant gecko zombie (D:6)
  A giant newt (D:3)
  2 jackal skeletons
  10 kobolds
  2 quokka skeletons
  14 rats
  3 fungi (Lair:8)
824 creatures vanquished.

Vanquished Creatures (collateral kills)
  Gastronok (Lair:2)
  A thorn hunter (Swamp:2)
  An orc warlord (Orc:2)
  2 entropy weavers
  8 hydras
  2 centaur warriors
  An ogre mage (D:15)
  2 dancing weapons (D:13)
  A queen ant (Spider:2)
  2 tengu warriors
  An orc high priest (Orc:2)
  5 death yaks
  Urug (Lair:2)
  5 orc knights
  3 hill giants
  A wizard (D:15)
  4 orb spiders
  2 orc sorcerers (Orc:2)
  3 ugly things
  4 wolf spiders
  2 cyclopes
  A griffon (Lair:2)
  A manticore (D:12)
  2 black mambas
  3 centaur zombies
  A gargoyle (D:12)
  3 spiny frogs
  A rime drake (Lair:7)
  A kobold demonologist (D:12)
  5 demonic crawlers
  3 komodo dragons
  4 trolls
  A polar bear (Lair:8)
  3 jumping spiders
  A two-headed ogre (Orc:2)
  4 slime creatures (D:15)
  6 blink frogs
  A giant leech (Lair:5)
  5 spriggans (Lair:8)
  A shadow (D:15)
  12 redbacks
  11 tarantellas
  Sigmund (D:3)
  A basilisk (Lair:8)
  4 hippogriffs
  A hungry ghost (D:12)
  4 vampire mosquitoes
  A soldier ant (Spider:2)
  A water moccasin (Lair:8)
  4 swamp worms (Lair:2)
  A porcupine (Lair:6)
  16 orc warriors
  3 ogres
  10 wolves
  A centaur (D:12)
  A crocodile (Lair:6)
  A big kobold (D:12)
  A giant frog (Lair:2)
  A wyvern skeleton (D:12)
  2 killer bees (D:12)
  A scorpion (D:12)
  2 wights
  An electric eel (Spider:2)
  A giant frog zombie (D:13)
  A crimson imp (D:14)
  A hound (D:13)
  3 orc wizards
  A centaur skeleton (D:12)
  4 orc priests
  2 iguanas
  5 worker ants
  2 adders
  18 river rats
  3 shadow imps
  8 worms (Lair:2)
  A dart slug (D:2)
  12 orcs
  A giant cockroach (D:2)
  A hobgoblin (D:3)
  A giant newt (D:2)
  2 kobolds (D:12)
  A plant (Lair:2)
248 creatures vanquished.

Vanquished Creatures (others)
  A merfolk impaler (Spider:2)
  An elephant (Lair:8)
  An orc (D:8)
  2 bushes (D:8)
  39 fungi
  22 plants
66 creatures vanquished.

Grand Total: 1138 creatures vanquished

Notes
Turn   | Place    | Note
--------------------------------------------------------------
     0 | D:1      | inmateoo the Felid Transmuter began the quest for the Orb.
     0 | D:1      | Reached XP level 1. HP: 9/9 MP: 4/4
   241 | D:1      | Reached XP level 2. HP: 6/12 MP: 4/6
   587 | D:2      | Learned a level 2 spell: Sticks to Snakes
   730 | D:2      | Reached XP level 3. HP: 15/15 MP: 7/7
  1431 | D:3      | Gained mutation: Your magical capacity is low (-10% MP). [potion of mutation]
  1431 | D:3      | Gained mutation: Your spells are a little harder to cast, but a little more powerful. [potion of mutation]
  1431 | D:3      | Gained mutation: You are partially covered in iridescent scales (AC +4). [potion of mutation]
  1498 | D:3      | Noticed Sigmund
  1523 | D:3      | Killed Sigmund
  1523 | D:3      | Reached skill level 4 in Unarmed Combat
  1523 | D:3      | Reached XP level 4. HP: 3/20 MP: 1/7
  1523 | D:3      | Reached XP level 5. HP: 3/23 MP: 1/8
  1840 | D:3      | Learned a level 3 spell: Spider Form
  1963 | D:3      | Found a sparkling altar of Nemelex Xobeh.
  2636 | D:4      | Noticed Blork the orc
  2703 | D:4      | Gained mutation: You are covered in thick fur (AC +2). [Felid growth]
  2703 | D:4      | Reached XP level 6. HP: 22/27 MP: 10/10
  2824 | D:4      | Reached skill level 5 in Unarmed Combat
  2982 | D:4      | Gained mutation: Your muscles are strong. (Str +2) [potion of mutation]
  2982 | D:4      | Gained mutation: Your magical capacity is very low (-20% MP). [potion of mutation]
  2982 | D:4      | Gained mutation: You possess an exceptional clarity of mind. [potion of mutation]
  3043 | D:4      | Found a basalt altar of Yredelemnul.
  3482 | D:4      | Killed Blork the orc
  3482 | D:4      | Reached skill level 1 in Stealth
  3482 | D:4      | Reached XP level 7. HP: 13/31 MP: 4/10
  3680 | D:4      | Noticed Crazy Yiuf
  3740 | D:4      | Killed Crazy Yiuf
  4049 | D:5      | Entered Level 5 of the Dungeon
  4155 | D:5      | Learned a level 4 spell: Ice Form
  4888 | D:6      | Gained mutation: You are occasionally teleported next to monsters. [mutagenic meat]
  4889 | D:6      | Lost mutation: You are occasionally teleported next to monsters. [mutagenic meat]
  4958 | D:6      | Gained mutation: You have a pair of small horns on your head. [potion of beneficial mutation]
  4978 | D:6      | Reached skill level 5 in Dodging
  4978 | D:6      | Reached skill level 6 in Unarmed Combat
  5236 | D:6      | Reached XP level 8. HP: 36/36 MP: 2/11
  5251 | D:6      | Reached skill level 1 in Ice Magic
  5683 | D:6      | HP: 1/36 [orc/falchion of electrocution (12)]
  6499 | D:6      | Found a shattered altar of Ashenzari.
  7001 | D:6      | Found a radiant altar of Vehumet.
  7076 | D:7      | Found a basalt altar of Yredelemnul.
  7121 | D:7      | Found a staircase to the Ecumenical Temple.
  7133 | Temple   | Entered the Ecumenical Temple
  7140 | Temple   | Became a worshipper of Makhleb the Destroyer
  7267 | D:7      | Reached skill level 5 in Transmutations
  7461 | D:7      | Reached skill level 7 in Unarmed Combat
  7695 | D:7      | Reached skill level 1 in Invocations
  7699 | D:7      | Reached XP level 9. HP: 23/39 MP: 9/13
  8243 | D:7      | Reached * piety under Makhleb
  8277 | D:7      | Reached skill level 5 in Stealth
  8284 | D:7      | Found a deep blue altar of Sif Muna.
  8357 | D:7      | Found a white marble altar of Elyvilon.
  8940 | D:8      | Reached skill level 5 in Fighting
  9055 | D:8      | Learned a level 5 spell: Blade Hands
  9233 | D:8      | Gained mutation: You are partially covered in molten scales (AC +1). [mutagenic meat]
  9234 | D:8      | Gained mutation: Your system is resistant to poisons. [mutagenic meat]
  9283 | D:8      | Reached skill level 8 in Unarmed Combat
  9998 | D:8      | Reached ** piety under Makhleb
 10059 | D:8      | Reached XP level 10. HP: 26/44 MP: 14/14
 10222 | D:8      | Found a staircase to the Lair.
 10468 | D:8      | Reached *** piety under Makhleb
 10578 | D:8      | Found Muhegid's Book Shop.
 10736 | D:9      | Reached skill level 5 in Spellcasting
 10783 | D:9      | Found an oddly glowing altar of Pakellas.
 11233 | D:9      | Reached skill level 9 in Unarmed Combat
 11239 | D:9      | Reached **** piety under Makhleb
 11421 | D:10     | Entered Level 10 of the Dungeon
 11654 | D:10     | Noticed a white ugly thing
 11681 | D:10     | Killed a white ugly thing
 12444 | D:11     | Noticed a hill giant
 12532 | D:11     | Killed a hill giant
 12532 | D:11     | Reached skill level 1 in Evocations
 12807 | D:11     | Noticed an unseen horror
 12842 | D:11     | Killed an unseen horror
 12842 | D:11     | Reached XP level 11. HP: 31/49 MP: 7/16
 13052 | D:12     | Found a staircase to the Orcish Mines.
 13052 | D:12     | Noticed a hill giant
 13054 | D:12     | Killed a hill giant
 13110 | D:12     | Noticed a six-headed hydra
 13207 | D:9      | Reached ***** piety under Makhleb
 13532 | Lair:1   | Entered Level 1 of the Lair of Beasts
 13674 | Lair:1   | Reached skill level 5 in Invocations
 13674 | Lair:1   | HP: 3/73 [blink frog (9)]
 13932 | Lair:1   | Reached skill level 10 in Unarmed Combat
 14767 | Lair:2   | Noticed a griffon
 15109 | Lair:2   | Noticed Urug
 15148 | Lair:2   | Killed Urug
 15296 | Lair:3   | Noticed an eight-headed hydra
 15691 | Lair:3   | Noticed a six-headed hydra
 16103 | Lair:3   | Gained mutation: Your thick and shaggy fur keeps you warm (AC +3, rC+). [Felid growth]
 16103 | Lair:3   | Reached XP level 12. HP: 54/54 MP: 13/18
 16180 | Lair:3   | Noticed an eight-headed hydra
 16185 | Lair:3   | Killed an eight-headed hydra
 16227 | Lair:3   | Reached skill level 11 in Unarmed Combat
 16636 | Lair:2   | Noticed Gastronok
 16675 | Lair:2   | Killed Gastronok
 16758 | Lair:2   | HP: 2/66 [black mamba (9)]
 17504 | Lair:4   | Reached ****** piety under Makhleb
 18049 | Lair:4   | Noticed a four-headed hydra
 18056 | Lair:4   | Killed a four-headed hydra
 18056 | Lair:4   | Reached skill level 5 in Evocations
 18112 | Lair:5   | Noticed a death yak
 18116 | Lair:5   | Noticed a death yak
 18117 | Lair:5   | Noticed a death yak
 18181 | Lair:5   | Found a staircase to the Swamp.
 18241 | Lair:5   | Noticed a four-headed hydra
 18358 | Lair:5   | Noticed Kirke
 18372 | Lair:5   | Noticed a seven-headed hydra
 18388 | Lair:5   | Noticed a five-headed hydra
 18499 | Lair:5   | Noticed a sphinx
 18503 | Lair:5   | Killed Kirke
 18787 | Lair:5   | Killed a five-headed hydra
 18856 | Lair:5   | Killed a four-headed hydra
 19128 | Lair:5   | Noticed a four-headed hydra
 19150 | Lair:5   | Killed a four-headed hydra
 19150 | Lair:5   | Reached skill level 12 in Unarmed Combat
 19182 | Lair:5   | Noticed a death yak
 19183 | Lair:5   | Noticed a death yak
 19248 | Lair:5   | Killed a death yak
 19324 | Lair:5   | Killed a death yak
 19536 | Lair:5   | Reached XP level 13. HP: 59/59 MP: 15/20
 19958 | Lair:6   | Found a hole to the Spider Nest.
 20108 | Lair:6   | Noticed a green death
 20541 | Lair:7   | Found a staircase to the Slime Pits.
 20996 | Lair:7   | You fall through a shaft!
 20996 | Lair:8   | Entered Level 8 of the Lair of Beasts
 21208 | Lair:7   | Reached skill level 10 in Stealth
 21725 | Lair:8   | Reached skill level 10 in Transmutations
 22158 | Lair:8   | Reached skill level 13 in Unarmed Combat
 22382 | Lair:8   | Reached XP level 14. HP: 54/64 MP: 21/21
 22486 | Lair:8   | Hired Keaciten the merfolk for 349 gold.
 22575 | Lair:8   | Reached skill level 10 in Dodging
 24970 | D:12     | HP: 2/65 [centaur warrior/arrow of flame (5)]
 25096 | D:12     | Noticed Erolcha
 25106 | D:12     | Killed Erolcha
 25106 | D:12     | Reached skill level 10 in Fighting
 25192 | D:12     | Found a shadowy altar of Dithmenos.
 25233 | D:12     | Got a coiled ruby amulet
 25234 | D:12     | Identified the amulet of the Gloaming {+Rage Dex+4} (You found it on level 12 of the Dungeon)
 25374 | D:12     | Found a runed door.
 25648 | D:12     | Found an ancient bone altar of Kikubaaqudgha.
 26389 | D:13     | Found a gate to the Vaults.
 26748 | D:14     | Got a scorched silver ring
 26749 | D:14     | Identified the cursed ring of Juom {rPois rN+ EV-3 Slay+5 Stlth-} (You found it on level 14 of the Dungeon)
 26858 | D:14     | Reached skill level 14 in Unarmed Combat
 27470 | D:15     | Entered Level 15 of the Dungeon
 27673 | D:15     | Reached XP level 15. HP: 70/70 MP: 23/23
 28923 | Orc:1    | Entered Level 1 of the Orcish Mines
 29229 | Orc:2    | Entered Level 2 of the Orcish Mines
 29229 | Orc:2    | Found Keseitzo's General Store.
 29271 | Orc:2    | Found a staircase to the Elven Halls.
 29273 | Orc:2    | Found Lodia's Antique Armour Shop.
 29394 | Orc:2    | Bought a scroll of magic mapping for 45 gold pieces
 29557 | Orc:1    | HP: 3/70 [orc knight/bardiche (23)]
 30032 | Orc:2    | Noticed an orc warlord
 30308 | Orc:2    | Found Weupsas's Book Emporium.
 30323 | Orc:2    | Bought a book of Necromancy for 390 gold pieces
 30327 | Orc:2    | Learned a level 3 spell: Regeneration
 30350 | Orc:2    | Killed an orc warlord
 30581 | Orc:2    | Found Zuff's Antique Weapon Shoppe.
 31426 | Spider:1 | Entered Level 1 of the Spider Nest
 33146 | Spider:2 | Reached skill level 10 in Invocations
 33245 | Spider:2 | Your ally Keaciten died
 33248 | Spider:2 | Slain by a wolf spider
 33249 | Spider:2 | Reached XP level 14. HP: 0/67 MP: 23/23
 33909 | Spider:3 | Reached skill level 15 in Unarmed Combat
 34139 | Spider:3 | Reached XP level 15. HP: 70/70 MP: 24/24
 34154 | Spider:3 | Noticed Arachne
 34275 | Spider:3 | HP: 3/105 [Arachne/staff of poison (10)]
 34275 | Spider:3 | Slain by a tarantella
 34276 | Spider:3 | Reached XP level 14. HP: -2/100 MP: 23/23
 34623 | Spider:3 | Reached skill level 10 in Spellcasting
 35002 | Spider:3 | Killed Arachne
 35153 | Swamp:1  | Entered Level 1 of the Swamp
 36202 | Swamp:2  | Noticed a thorn hunter
 36211 | Swamp:2  | Killed a thorn hunter
 36507 | Swamp:2  | Noticed a thorn hunter
 36507 | Swamp:2  | Noticed a balrug
 36701 | Swamp:3  | Slain by a giant leech

Vault maps used:
D:1:      elethiomel_arrival_quiet
D:2:      first_bread
D:3:      corexii_shack_village, old_standard_altar, uniq_sigmund
D:4:      lemuel_round_altar, uniq_crazy_yiuf_cottage, uniq_blork_the_orc
D:5:      roderic_lattice_a
D:6:      nicolae_overflow_hidden_temple
D:7:      lemuel_doored_altar, minmay_temple_entry_water_ring, basic_altar,
          yredelemnul_altar_generic
D:8:      minmay_lair_entry_grove, serial_shops, kennysheep_mini_moat,
          grunt_livestock
D:9:      overflow_temple_1_default
D:10:     kennysheep_generic_room_12
D:12:     orc_0_dummy, hangedman_feature_mirror, lightli_airlock, uniq_erolcha
D:13:     erik_vaults_1
D:14:     minmay_misc_feat_square, billiards_dpeg
D:15:     gammafunk_depths_entry_grave, hangedman_decor_diamond_cutter
Temple:   nicolae_temple_x_marks_the_god
Lair:2:   minmay_lair_venomous_thicket, lightli_volcano_entry_magma_tube,
          grunt_forest_small_clearings, worms_lemuel, uniq_urug, uniq_gastronok
Lair:3:   bh_autumn_forest_stairs, grunt_megastairs_1
Lair:4:   lemuel_fruit_fields
Lair:5:   minmay_swamp_entry_worms, minmay_holes, uniq_kirke
Lair:6:   spider_nest_entry_a, infiniplex_staircase_pool_2
Lair:7:   minmay_slime_entry_pillars, st_stairs_9
Lair:8:   minmay_lair_end_enchanted_forest
Swamp:1:  evilmike_swamp_ruin_house_2, swamp_pool1
Swamp:2:  evilmike_swamp_ruin_rubble_1, uniq_aizul
Swamp:3:  evilmike_swamp_ruin_house_6
Spider:2: nicolae_spider_ant_collections
Spider:3: nicolae_orb_stairs, uniq_arachne
Orc:2:    grunt_orc_gardens, grunt_orc_garden, grunt_orc_garden,
          grunt_orc_garden, grunt_orc_garden

Skill      XL: |  1  2  3  4  5  6  7  8  9 10 11 12 13 14 15 |
---------------+----------------------------------------------+-----
Dodging        | 3 4 5 6 7 8 9 12 | 12.7
Fighting       | 2 3 4 5 6 7 8 9 10 11 | 11.3
Unarmed Combat | 4 5 6 7 8 9 10 12 13 15 | 15.4
Transmutations | 3 4 5 6 7 8 9 10 12 | 12.3
Spellcasting   | 3 4 5 6 7 8 10 | 10.2
Stealth        | 1 3 4 6 7 8 10 11 | 11.4
Ice Magic      | 2 3 |  3.2
Invocations    | 1 3 4 6 7 8 9 10 | 10.0
Evocations     | 1 4 5 6 |  6.2

Action                   |  1- 3 |  4- 6 |  7- 9 | 10-12 | 13-15 || total
-------------------------+-------+-------+-------+-------+-------++-------
Melee: Unarmed           |    81 |   123 |   399 |   759 |  1394 ||  2756
 Cast: Beastly Appendage |     8 |     8 |     4 |       |       ||    20
       Sticks to Snakes  |     4 |    13 |    21 |    70 |    78 ||   186
       Spider Form       |       |       |    10 |     2 |       ||    12
       Ice Form          |       |       |     4 |    18 |    14 ||    36
       Blade Hands       |       |       |       |    13 |    30 ||    43
Invok: Greater Servant o |       |       |       |       |     3 ||     3
       Major Destruction |       |       |       |       |     2 ||     2
 Abil: End Transformatio |       |       |     5 |     3 |     7 ||    15
Evoke: Wand              |       |       |       |    37 |    22 ||    59
       Stone of tremors  |       |       |       |       |     2 ||     2
       Deck              |       |       |       |       |     4 ||     4
       Fan of gales      |       |       |       |       |     1 ||     1
  Use: Scroll            |     8 |     2 |    13 |    10 |    18 ||    51
       Potion            |     1 |     1 |     5 |     3 |     9 ||    19
 Stab: Sleeping          |     4 |     2 |     7 |    32 |    72 ||   117
       Distracted        |       |       |     1 |     3 |    14 ||    18
       Paralysed         |       |       |       |     4 |     4 ||     8
       Confused          |       |       |       |     3 |     1 ||     4
       Held in net/web   |       |       |       |       |     2 ||     2
  Eat: Chunk             |     8 |     5 |    21 |    29 |    43 ||   106
